 Dungeon Crawl Stone Soup version 0.20-a0-1040-gfd09691 (webtiles) character file.

250948 Gorglomux the Severer (level 18, -12/160 HPs)
             Began as a Pale Draconian Air Elementalist on Apr 23, 2017.
             Was a High Priest of Qazlal.
             Killed from afar by a storm dragon (37 damage)
             ... with a bolt of lightning
             ... on level 2 of the Vaults.
             The game lasted 02:06:20 (39043 turns).

Gorglomux the Severer (DrAE)                       Turns: 39043, Time: 02:06:21

Health: -12/160    AC: 19    Str: 11    XL:     18   Next: 92%
Magic:  23/28      EV: 27    Int: 16    God:    Qazlal [*****.]
Gold:   1696       SH: 11    Dex: 23    Spells: 12/21 levels left

rFire    . . .     SeeInvis +   Q - +7 battleaxe of Doom {distort, Dex+4 SInv}
rCold    . . .     Gourm    .   (shield currently unavailable)
rNeg     . . .     Faith    .   (armour unavailable)
rPois    .         Spirit   .   (helmet restricted)
rElec    +         Reflect  +   m - +2 cloak {+Inv}
rCorr    .         Harm     .   L - +2 pair of gloves {archery}
MR       ++...                  a - +2 pair of boots
Stlth    +.........             v - +5 amulet of reflection
Regen    0.4/turn               y - +6 ring of evasion
MPRegen  0.3/turn               C - ring of protection from magic {MR+, !d}

@: protected from electricity, repel missiles
A: breathe steam, unfitting armour, cold-blooded, AC +10
}: 2/15 runes: decaying, gossamer
a: Breathe Steam, Upheaval, Elemental Force, Disaster Area, Renounce Religion,
Evoke Invisibility


You were on level 2 of the Vaults.
You worshipped Qazlal.
Qazlal was extremely pleased with you.
You were not hungry.

You visited 6 branches of the dungeon, and saw 32 of its levels.
You also visited: Labyrinth and Sewer.

You collected 3135 gold pieces.
You spent 1439 gold pieces at shops.

Inventory:

Hand Weapons
 t - a +2 executioner's axe of electrocution
   (You acquired it on level 1 of the Vaults)
 Q - the +7 battleaxe of Doom (weapon) {distort, Dex+4 SInv}
   (You bought it in a shop on level 7 of the Dungeon)

   It warps and distorts space around it.
   Unwielding it can cause banishment or high damage.
   It affects your dexterity (+4).
   It lets you see invisible.
Armour
 a - a +2 pair of boots (worn)
   (You found it on level 4 of the Swamp)
 m - a +2 cloak of invisibility (worn)
   (You took it off Maurice on level 12 of the Dungeon)
 L - a +2 pair of gloves of archery (worn)
   (You found it on level 1 of the Vaults)
Jewellery
 h - the amulet of the Air {Inacc +Fly rElec EV+5 RMsl}
   (You found it in a labyrinth)

   [amulet of inaccuracy]

   It reduces the accuracy of all your attacks.
   It affects your evasion (+5).
   It insulates you from electricity.
   It lets you fly.
   It protects you from missiles.
 s - an uncursed ring of poison resistance {rPois, !d}
   (You found it on level 2 of the Dungeon)
 v - a +5 amulet of reflection (around neck)
   (You found it on level 13 of the Dungeon)
 y - a +6 ring of evasion (left hand)
   (You found it on level 2 of the Dungeon)
 z - an uncursed ring of protection from fire {rF+, !d}
   (You found it on level 4 of the Swamp)
 C - a ring of protection from magic (right hand) {MR+, !d}
   (You took it off an orc wizard on level 8 of the Dungeon)
Wands
 e - a wand of disintegration (13/24)
   (You found it on level 2 of the Swamp)
 B - a wand of iceblast (5/15)
   (You found it on level 3 of the Spider Nest)
 E - a wand of clouds (7/9)
   (You found it on level 4 of the Dungeon)
 T - a wand of clouds (0/9)
   (You found it in a labyrinth)
 U - a wand of lightning (11/15)
   (You found it on level 4 of the Lair of Beasts)
 V - a wand of acid (5/15)
   (You found it on level 4 of the Spider Nest)
Scrolls
 c - 21 scrolls of teleportation
 j - 2 scrolls of immolation {!r}
 k - 3 scrolls of fog
 l - a scroll of summoning
 q - a scroll of identify
 r - 14 scrolls of remove curse
 x - 7 scrolls of amnesia
 G - 5 scrolls of recharging
 J - 5 scrolls of fear
 M - a scroll of holy word {!r}
 O - a scroll of magic mapping {!r}
Potions
 d - 7 potions of heal wounds
 f - 7 potions of haste
 i - 15 potions of curing
 n - 6 potions of might
 o - 7 potions of magic
 u - 2 potions of invisibility
 D - 4 potions of agility
 F - 4 potions of mutation {!q}
 I - a potion of resistance
 K - 3 potions of cancellation
 R - 4 potions of brilliance
 W - 2 potions of ambrosia
 Y - 4 potions of flight
Books
 A - a book of Fire
   (You found it on level 1 of the Swamp)
Miscellaneous
 w - a lamp of fire
   (You found it on level 13 of the Dungeon)
 H - a box of beasts
 S - a phial of floods
   (You found it on level 3 of the Spider Nest)
Comestibles
 b - 14 bread rations {@e1@e1}
 g - 12 fruits
 p - 13 meat rations {@e2@e2}
 N - 3 chunks of flesh {@w0@w0}


   Skills:
 + Level 14.2 Fighting
 - Level 19.9(20.3) Axes
   Level 7.2(15.0) Maces & Flails
 + Level 10.1 Dodging
 - Level 1.7 Stealth
 - Level 2.0 Spellcasting
 - Level 3.0 Conjurations
 - Level 8.0 Charms
 - Level 8.8 Necromancy
 - Level 3.2 Air Magic
 + Level 14.0 Invocations
 - Level 8.7 Evocations


You had 12 spell levels left.
You knew the following spells:

 Your Spells              Type           Power        Failure   Level  Hunger
a - Shock                 Conj/Air       ##..         6%          1    #......
b - Static Discharge      Conj/Air       ##......     17%         3    ###....
r - Regeneration          Chrm/Necr      ####......   1%          3    ###....
s - Swiftness             Chrm/Air       ###.....     3%          2    ###....


Dungeon Overview and Level Annotations

Branches:
Dungeon (15/15)            Temple (0/1) D:7            Lair (5/6) D:8
  Swamp (4/4) Lair:4       Spider (4/4) Lair:4        Slime (0/5) Lair:5
    Orc (2/2) D:11            Elf (0/3) Orc:2        Vaults (2/5) D:13
 Depths (0/5) D:15
  Crypt: Vaults:2-3

Altars:
Ashenzari
Dithmenos
Elyvilon
Gozag
Kikubaaqudgha
Makhleb
Okawaru
Qazlal
Ru
Vehumet
Wu Jian
Xom
The Shining One
Beogh

Shops:
D:7 (   D:9 }%(   Orc:1 %   Orc:2 }(?!   Vaults:1 (

Annotations:
D:3 Gorglomux's ghost, amateur DrAE
D:4 exclusion: Duvessa, Dowan; Duvessa
Lair:2 exclusion: 4 oklob plants
Abyss:1 Aizul; Bai Suzhen; Erica; Kirke


Innate Abilities, Weirdness & Mutations

You can breathe blasts of scalding, opaque steam.
Your pale cyan-grey scales are hard. (AC +10)
You cannot fit into any form of body armour.
You are cold-blooded and may be slowed by cold attacks.


Message History

The yaktaur unwields an uncursed arbalest.
You block the yaktaur's attack. The centaur warrior closely misses you.
You slash the centaur warrior!
Space bends around the centaur warrior.
You slash the yaktaur!
Space bends around the yaktaur.
The centaur warrior barely misses you. The yaktaur hits you!
You feel protected from physical attacks.
You take 10 damage, and have 104/160 hp.
You hit the centaur warrior.
You tail-slap the centaur warrior, but do no damage.
You hit the yaktaur.
The centaur warrior blinks!
The yaktaur wields an arbalest.
The yaktaur shoots a bolt.
The bolt barely misses you.
The centaur warrior wields a shortbow.
The centaur warrior shoots an arrow.
You reflect the arrow off an invisible shield around you!
The arrow hits the centaur warrior!
You barely miss the yaktaur. You slash the ice dragon!
The ice dragon looks slightly unstable.
The yaktaur misses you.
The centaur warrior shoots an arrow.
You reflect the arrow off an invisible shield around you!
The arrow completely misses the centaur warrior.
The ice dragon breathes frost at you. The blast of cold hits you!
You take 32 damage, and have 72/160 hp.
Unknown command.
Okay, then.
Nature churns violently around you!
The blast of rubble hits the centaur warrior.
You kill the centaur warrior!
Qazlal accepts your kill.
The cutting wind hits the great orb of eyes.
The great orb of eyes gets badly buffeted.
The cutting wind hits the yaktaur. x2
You kill the yaktaur!
Qazlal accepts your kill.
Your Invocations skill increases to level 14!
The cutting wind hits the yaktaur.
You kill the yaktaur!
Qazlal accepts your kill.
The cutting wind hits the great orb of eyes.
The great orb of eyes gets badly buffeted.
You kill the great orb of eyes!
Qazlal accepts your kill.
The blast of magma engulfs the yaktaur.
The blast of rubble hits the yaktaur.
The blast of ice hits the yaktaur.
You kill the yaktaur!
Qazlal accepts your kill.
The blast of ice hits the ice dragon.
The ice dragon partially resists.
The ice dragon is flash-frozen.
You hear a chilling moan.
You hear a deafening roar!
You hear a shout! x13
You hear two shouts!
You hear a shout!
The ice dragon disappears!
You now have 21/28 mp.
You hear a deafening roar!
r - 14 scrolls of remove curse (gained 1)
Items here: ( )) † an uncursed arbalest x2; 42 bolts; a yaktaur corpse You butcher the yaktaur corpse.
A yaktaur captain comes into view.
Items here: % ( )) an uncursed arbalest x2; 42 bolts; 5 chunks of flesh {@w0@w0} A storm dragon comes into view.
The storm dragon roars deafeningly!
The ice dragon roars deafeningly!
The yaktaur captain wields an arbalest.
The yaktaur captain shoots a bolt.
You reflect the bolt off an invisible shield around you!
The bolt hits the yaktaur captain!!!
There isn't anything here!
Items here: % ( )) an uncursed arbalest x2; 42 bolts; 5 chunks of flesh {@w0@w0} You start resting.
The yaktaur captain unwields an uncursed arbalest.
The yaktaur captain hits you!!
You feel more protected from physical attacks.
You take 21 damage, and have 54/160 hp.
You slash the yaktaur captain!
Space warps horribly around the yaktaur captain!
You hit the yaktaur captain.
The yaktaur captain looks slightly unstable.
Your tail-slap misses the yaktaur captain.
The yaktaur captain hits you.
You feel more protected from physical attacks.
You take 4 damage, and have 50/160 hp.
You hit the yaktaur captain.
You kill the yaktaur captain!
Qazlal accepts your kill. The ice dragon breathes frost at you.
The blast of cold hits you!
Your resistance to physical damage fades away.
You feel protected from cold.
* * * LOW HITPOINT WARNING * * *
You take 25 damage, and have 25/160 hp.
Unknown command.
Okay, then.
Here: an ice dragon (catching its breath)
The floor.
You fail to use your ability.
The storm dragon breathes lightning at you.
The bolt of lightning hits you!
Your resistance to cold fades away.
You feel protected from electricity.
You die...

'#################'#####....#
....# #..##..# ....#
###..##..### ....#
#(.##..##).# ....#
#..##..##..# ....#
###..##..### ....# # #..##..#
# '#++## #.)##(.##..# .....#
#..##@)##..# .....#
###..##D)### .....# #.)##..#
.....# #D###c## .....# .. ...
.....# #.. .D. .....# #..
..... .....# #.. ..... ######
#.........


You could see a storm dragon and an ice dragon.

Vanquished Creatures
  Nikola (Vaults:1)
  Frances (D:14)
  2 thorn hunters
  Agnes (D:14)
  4 ghost moths
  Louise (Swamp:2)
  3 emperor scorpions
  2 vault wardens
  An ironheart preserver (Vaults:2)
  4 entropy weavers
  A stone giant (Vaults:2)
  5 spark wasps
  Josephine (D:13)
  4 great orbs of eyes
  The ghost of Kite the Severer, a journeyman MiBe of Trog (D:11)
  A yaktaur captain (Vaults:2)
  Erolcha (Orc:2)
  19 hydras
  5 centaur warriors
  A catoblepas (Lair:3)
  The ghost of claquette the Grappler, a novice TrFi of Qazlal (D:9)
  A ghost crab (Swamp:4)
  6 two-headed ogres
  4 alligators
  A tengu warrior (D:13)
  3 death yaks
  Urug (D:10)
  Nergalle (D:12)
  The ghost of claquette the Grappler, a novice TrFi of Uskayaw (D:8)
  A fire crab (Lair:5)
  A shadow wraith (Vaults:2)
  6 swamp dragons
  2 shambling mangroves
  3 deep trolls (Vaults:2)
  3 spriggan druids
  2 ironbrand convokers
  2 unseen horrors
  2 wizards (D:15)
  Pikel (D:9)
  15 orb spiders
  A lindwurm (D:13)
  A harpy (Vaults:2)
  A necromancer (D:15)
  A cyclops (D:15)
  5 orc knights
  2 wolf spider zombies (D:15)
  27 wolf spiders
  5 deep elf magi
  10 orc sorcerers
  An oklob plant (Lair:1)
  8 ugly things
  Maurice (D:12)
  2 moths of wrath
  2 manticores
  A centaur zombie (D:15)
  16 spiny frogs
  A black mamba (Lair:4)
  3 gargoyles
  A rime drake (Lair:3)
  20 demonic crawlers
  10 yaktaurs
  A kobold demonologist (D:15)
  An efreet (D:15)
  3 komodo dragons
  A freezing wraith (D:13)
  4 trolls
  2 tengu conjurers (D:14)
  20 hornets
  6 meliai
  4 tyrant leeches
  38 jumping spiders
  7 slime creatures
  A slime creature (shapeshifter) (D:13)
  12 bog bodies
  A dream sheep (shapeshifter) (D:12)
  8 blink frogs (Lair:4)
  A blink frog (shapeshifter) (D:14)
  A frost giant simulacrum (Vaults:1)
  5 dream sheep (Lair:4)
  6 hippogriffs
  56 redbacks
  A vampire (D:12)
  19 yaks
  2 spriggans (Swamp:2)
  32 tarantellas
  11 hogs
  8 wraiths
  4 humans
  A wyvern (D:10)
  A basilisk (D:13)
  5 hungry ghosts
  Eustachio (D:6)
  2 steam dragons
  26 vampire mosquitoes
  Edmund (D:6)
  A harpy simulacrum (D:15)
  2 wargs (Orc:1)
  2 acid dragons (Vaults:2)
  2 hell hounds
  18 swamp worms
  19 insubstantial wisps
  9 water moccasins
  4 porcupines
  2 black bears
  2 ice beasts
  23 orc warriors
  5 sky beasts
  Purgy (Sewer)
  13 swamp drakes
  5 phantoms
  2 slaves (D:9)
  10 ogres
  8 centaurs
  12 boggarts
  4 crocodiles
  32 bullfrogs
  3 big kobolds
  A gnoll sergeant (D:11)
  2 scorpions
  A troll zombie (D:11)
  15 killer bees
  A water moccasin skeleton (D:10)
  9 wights
  5 howler monkeys
  A vampire bat (D:2)
  An electric eel (Spider:4)
  4 jellies
  12 crimson imps
  2 quasits
  3 bullfrog zombies
  37 orc wizards
  10 orc priests
  5 hounds
  Crazy Yiuf (D:2)
  A bullfrog skeleton (D:5)
  7 centaur skeletons
  Terence (D:2)
  5 iguanas
  12 worker ants
  5 ogre zombies (D:11)
  A hound zombie (D:7)
  2 hound skeletons
  Robin (D:2)
  17 adders
  4 gnolls (D:11)
  3 shadow imps
  4 oozes
  2 adder skeletons
  5 worms
  4 dart slugs
  6 leopard geckos
  73 orcs
  2 ball pythons
  10 bats
  3 bat skeletons (D:2)
  4 bat zombies (D:2)
  8 giant cockroaches
  14 goblins
  9 hobgoblins
  4 jackals
  4 quokkas
  5 frilled lizards
  2 goblin skeletons (D:11)
  A goblin zombie (D:11)
  3 hobgoblin skeletons (D:11)
  3 hobgoblin zombies (D:11)
  21 kobolds
  10 orc zombies (D:11)
  A quokka skeleton (D:4)
  2 rats
  A briar patch (Swamp:2)
  2 fungi (Lair:5)
  A plant (Lair:1)
1079 creatures vanquished.

Vanquished Creatures (collateral kills)
  A tentacled monstrosity (Swamp:3)
  Snorg (Orc:1)
  A catoblepas (D:14)
  2 ugly things (D:15)
  A hornet (Swamp:2)
  A spriggan (Swamp:2)
  A warg (Orc:1)
  2 swamp drakes (Swamp:4)
  2 orc priests (Orc:1)
  An orc wizard (Orc:1)
  2 orcs (Orc:1)
15 creatures vanquished.

Vanquished Creatures (others)
  2 ghost moths (Spider:4)
  An ettin (Orc:2)
  A spark wasp (Spider:2)
  A fire dragon (Vaults:1)
  A great orb of eyes (Vaults:2)
  6 hydras
  2 alligators
  An ogre mage (Orc:2)
  A deep troll (Vaults:2)
  A shambling mangrove (Swamp:2)
  3 swamp dragons
  2 unseen horrors (Vaults:1)
  2 orc knights
  5 wolf spiders
  An orb spider (Spider:2)
  An orc sorcerer (Orc:2)
  An ugly thing (D:15)
  2 spiny frogs
  5 demonic crawlers
  2 trolls
  3 jumping spiders
  3 tyrant leeches
  2 hornets
  2 slime creatures (Vaults:2)
  A bog body (Swamp:1)
  A dream sheep (Lair:4)
  9 redbacks
  2 tarantellas
  A hungry ghost (D:12)
  A vampire mosquito (Swamp:1)
  3 swamp worms
  2 water moccasins
  2 swamp drakes
  2 slaves (D:9)
  An ice beast (D:11)
  2 orc warriors
  A wolf (Spider:1)
  2 crocodiles
  A wyvern zombie (D:11)
  2 orc wizards (Orc:2)
  Ijyb (D:4)
  A worker ant (D:11)
  2 orcs
  2 briar patches (Swamp:2)
  2 fungi (Lair:2)
  A plant (Lair:2)
  6 toadstools (Swamp:2)
99 creatures vanquished.

Grand Total: 1193 creatures vanquished

Notes
Turn   | Place    | Note
-------+----------+-------------------------------------------
     0 | D:1      | Gorglomux the Draconian Air Elementalist began the quest for the Orb.
     0 | D:1      | Reached XP level 1. HP: 14/14 MP: 3/3
   206 | D:1      | Reached skill level 1 in Fighting
   206 | D:1      | Reached XP level 2. HP: 9/23 MP: 0/5
  1030 | D:2      | Reached skill level 2 in Conjurations
  1058 | D:2      | Reached skill level 2 in Fighting
  1059 | D:2      | Noticed Terence
  1155 | D:2      | Reached XP level 3. HP: 29/29 MP: 4/6
  1190 | D:2      | Noticed Robin
  1426 | D:2      | Killed Robin
  1462 | D:2      | Reached XP level 4. HP: 15/37 MP: 0/7
  1668 | D:2      | Killed Terence
  1668 | D:2      | Reached skill level 3 in Fighting
  1668 | D:2      | Reached skill level 3 in Conjurations
  1969 | D:2      | Found an ancient bone altar of Kikubaaqudgha.
  1973 | D:2      | Reached skill level 4 in Fighting
  1973 | D:2      | Reached XP level 5. HP: 44/46 MP: 3/8
  2247 | D:2      | Found a runed door.
  2318 | D:2      | Found an opulent altar of Gozag.
  2430 | D:2      | Noticed Crazy Yiuf
  2438 | D:2      | Killed Crazy Yiuf
  2438 | D:2      | Reached skill level 1 in Maces & Flails
  2598 | D:3      | Found a shadowy altar of Dithmenos.
  3019 | D:3      | Noticed Gorglomux's ghost (amateur DrAE)
  3067 | D:3      | Found an ornate altar of the Wu Jian Council.
  3523 | D:3      | Reached skill level 2 in Maces & Flails
  3807 | D:4      | Reached XP level 6. HP: 53/53 MP: 6/9
  3962 | D:4      | Noticed Dowan
  4283 | D:4      | Reached skill level 5 in Fighting
  4283 | D:4      | Reached skill level 3 in Maces & Flails
  4304 | D:4      | Noticed Ijyb
  4317 | D:4      | Killed Ijyb
  4854 | D:4      | Noticed Duvessa
  4875 | D:5      | Entered Level 5 of the Dungeon
  4956 | D:4      | Reached skill level 4 in Maces & Flails
  4974 | D:5      | Your scales start taking on a pale cyan-grey colour.
  4974 | D:5      | Reached XP level 7. HP: 50/61 MP: 6/10
  4975 | D:5      | Found a shadowy altar of Dithmenos.
  4978 | D:5      | Found a shimmering altar of Xom.
  5081 | D:5      | Found a glowing drain.
  5100 | Sewer    | Entered a sewer
  5123 | Sewer    | Learned a level 2 spell: Swiftness
  5157 | Sewer    | Noticed Purgy
  5164 | Sewer    | Killed Purgy
  5579 | D:5      | Reached skill level 5 in Maces & Flails
  5682 | D:6      | Noticed Eustachio
  5695 | D:6      | Killed Eustachio
  5695 | D:6      | Reached skill level 6 in Fighting
  5915 | D:6      | Reached skill level 6 in Maces & Flails
  6052 | D:6      | Reached XP level 8. HP: 66/71 MP: 11/11
  6596 | D:6      | Found a stormy altar of Qazlal.
  6597 | D:6      | Noticed an air elemental
  6645 | D:6      | Reached skill level 7 in Maces & Flails
  6682 | D:6      | Became a worshipper of Qazlal Stormbringer
  6745 | D:6      | Reached skill level 7 in Fighting
  6839 | D:6      | Reached skill level 1 in Axes
  6947 | D:6      | Reached skill level 2 in Axes
  6959 | D:6      | Noticed Edmund
  6999 | D:6      | Killed Edmund
  7301 | D:7      | Reached skill level 3 in Axes
  7309 | D:7      | Learned a level 3 spell: Static Discharge
  7403 | D:7      | Found a staircase to the Ecumenical Temple.
  7444 | D:7      | Reached skill level 8 in Fighting
  7452 | D:7      | Reached skill level 4 in Axes
  7590 | D:7      | Reached XP level 9. HP: 70/81 MP: 7/12
  7635 | D:7      | Reached skill level 5 in Axes
  7641 | D:7      | Reached * piety under Qazlal
  7719 | D:7      | Reached skill level 6 in Axes
  7805 | D:7      | Found Jilama's Antique Weapon Emporium.
  7809 | D:7      | Bought a crude battleaxe for 264 gold pieces
  7809 | D:7      | Identified the +7 battleaxe of Doom {distort, Dex+4 SInv} (You bought it in a shop on level 7 of the Dungeon)
  8182 | D:8      | Reached skill level 9 in Fighting
  8188 | D:8      | Reached skill level 7 in Axes
  8201 | D:8      | Noticed claquette's ghost (novice TrFi)
  8580 | D:8      | Found a staircase to the Lair.
  8586 | D:8      | Got a bloodstained falchion
  8707 | D:8      | Killed claquette's ghost
  8707 | D:8      | Reached skill level 8 in Axes
  8707 | D:8      | Reached XP level 10. HP: 45/93 MP: 13/13
  8904 | D:8      | Found an iron altar of Okawaru.
  8944 | D:9      | Found Quaciu's Food Shoppe.
  8953 | D:9      | Reached ** piety under Qazlal
  8953 | D:9      | Reached skill level 10 in Fighting
  8970 | D:9      | Found Iclahu's Antique Weapon Emporium.
  8973 | D:9      | Found Oxufaf's Gadget Shop.
  8975 | D:9      | Noticed Pikel
  8979 | D:9      | Reached skill level 1 in Invocations
  8983 | D:9      | Killed Pikel
  8983 | D:9      | Reached skill level 9 in Axes
  8983 | D:9      | Reached skill level 2 in Invocations
  9057 | D:9      | Noticed claquette's ghost (novice TrFi)
  9066 | D:9      | Found a white marble altar of Elyvilon.
  9071 | D:9      | Reached skill level 3 in Invocations
  9135 | D:9      | HP: 7/93 [claquette's ghost (27)]
  9584 | D:9      | Killed claquette's ghost
  9584 | D:9      | Reached skill level 4 in Invocations
  9651 | D:9      | Found a burning altar of Makhleb.
  9876 | D:9      | Reached skill level 5 in Invocations
 10042 | D:10     | Entered Level 10 of the Dungeon
 10066 | D:10     | Reached skill level 10 in Axes
 10088 | D:10     | Found a sacrificial altar of Ru.
 10277 | D:10     | Noticed Urug
 10353 | D:10     | Reached skill level 6 in Invocations
 10747 | D:10     | Killed Urug
 10747 | D:10     | Reached XP level 11. HP: 90/99 MP: 15/15
 10849 | D:10     | Noticed an eight-headed hydra
 10860 | D:10     | Killed an eight-headed hydra
 10860 | D:10     | Reached skill level 7 in Invocations
 11223 | Lair:1   | Entered Level 1 of the Lair of Beasts
 11364 | Lair:1   | Reached skill level 11 in Axes
 11707 | Lair:1   | Reached skill level 8 in Invocations
 12198 | Lair:1   | Got a transparent battleaxe
 12235 | Lair:1   | Noticed an oklob plant
 12249 | Lair:1   | Killed an oklob plant
 12249 | Lair:1   | Reached *** piety under Qazlal
 12261 | Lair:1   | Identified the cursed +1 battleaxe "Spider's Death" {flame, rElec Int+5} (You found it on level 1 of the Lair of Beasts)
 12488 | Lair:2   | Noticed an oklob plant
 12516 | Lair:2   | Found a labyrinth entrance.
 12524 | Lab      | Entered a labyrinth
 12587 | Lab      | Reached skill level 9 in Invocations
 12666 | Lab      | Noticed a minotaur
 13259 | Lair:2   | Noticed an oklob plant
 13264 | Lair:2   | Noticed an oklob plant
 13264 | Lair:2   | Noticed an oklob plant
 13467 | Lair:3   | Noticed a catoblepas
 13472 | Lair:3   | Reached skill level 12 in Axes
 13482 | Lair:3   | HP: 24/99 [spiny frog (6)]
 13483 | Lair:3   | HP: 9/99 [spiny frog (15)]
 13495 | Lair:3   | HP: 26/148 [catoblepas (16)]
 13502 | Lair:3   | HP: 26/148 [poisoned by a water moccasin]
 13508 | Lair:3   | Killed a catoblepas
 13510 | Lair:3   | HP: 27/148 [poisoned by a water moccasin]
 13550 | Lair:3   | HP: 19/99 [spiny frog (8)]
 13554 | Lair:3   | HP: 1/99 [spiny frog (19)]
 13556 | Lair:3   | Reached XP level 12. HP: 25/106 MP: 18/18
 13911 | Lair:3   | Reached skill level 13 in Axes
 14710 | Lair:4   | Reached skill level 14 in Axes
 14718 | Lair:4   | Found a staircase to the Swamp.
 14811 | Lair:4   | Found a hole to the Spider Nest.
 14833 | Lair:4   | Reached **** piety under Qazlal
 14982 | Lair:4   | Noticed a seven-headed hydra
 15002 | Lair:4   | Killed a seven-headed hydra
 15295 | Lair:4   | Noticed a death yak
 15295 | Lair:4   | Noticed a death yak
 15297 | Lair:4   | Noticed a death yak
 15320 | Lair:4   | Killed a death yak
 15346 | Lair:4   | Reached skill level 15 in Axes
 15401 | Lair:4   | HP: 24/106 [death yak (16)]
 15469 | Lair:3   | Killed a death yak
 15822 | Lair:4   | Killed a death yak
 16161 | Lair:5   | Found a staircase to the Slime Pits.
 16172 | Lair:5   | Identified the cursed +1 falchion "Beast's Bane" {slice, rElec Int+3} (You found it on level 8 of the Dungeon)
 16817 | D:11     | Reached XP level 13. HP: 96/113 MP: 19/19
 16989 | D:11     | Reached ***** piety under Qazlal
 16996 | D:11     | Found a staircase to the Orcish Mines.
 17079 | D:11     | Found a shattered altar of Ashenzari.
 17089 | D:11     | Reached skill level 16 in Axes
 17256 | D:11     | Noticed Kite's ghost (journeyman MiBe)
 17313 | D:11     | Killed Kite's ghost
 17608 | D:12     | Noticed Nergalle
 17626 | D:12     | Killed Nergalle
 17632 | D:12     | Noticed Maurice
 17678 | D:12     | Killed Maurice
 17746 | D:12     | Reached skill level 17 in Axes
 18612 | D:12     | Learned a level 3 spell: Regeneration
 18667 | D:13     | Reached skill level 1 in Charms
 18667 | D:13     | Reached skill level 1 in Necromancy
 18691 | D:13     | Got a jewelled eveningstar
 18938 | D:13     | Reached skill level 2 in Necromancy
 18957 | D:13     | Found a gate to the Vaults.
 18967 | D:13     | Identified the +4 eveningstar of Biv Min {venom, Str+2} (You found it on level 13 of the Dungeon)
 19146 | D:13     | Reached skill level 2 in Charms
 19251 | D:13     | Noticed Josephine
 19261 | D:13     | Killed Josephine
 19261 | D:13     | Reached skill level 18 in Axes
 19349 | D:13     | Reached XP level 14. HP: 121/121 MP: 20/20
 19702 | D:13     | Reached ****** piety under Qazlal
 20064 | D:14     | Noticed Frances
 20067 | D:14     | Reached skill level 3 in Necromancy
 20074 | D:14     | Noticed Agnes
 20075 | D:14     | Killed Agnes
 20075 | D:14     | Reached skill level 3 in Charms
 20082 | D:14     | Killed Frances
 20761 | D:14     | Found a glowing golden altar of the Shining One.
 20793 | D:14     | Reached skill level 4 in Necromancy
 20794 | D:14     | Reached skill level 4 in Charms
 20901 | D:15     | Entered Level 15 of the Dungeon
 20970 | D:15     | Found a staircase to the Depths.
 21074 | D:15     | Reached skill level 5 in Necromancy
 21104 | D:15     | HP: 23/121 [cyan ugly thing (16)]
 21104 | D:15     | HP: 6/121 [cyan ugly thing (17)]
 21717 | D:15     | Reached skill level 2 in Dodging
 21799 | D:15     | Reached skill level 5 in Charms
 22311 | D:14     | Reached skill level 19 in Axes
 22392 | Orc:1    | Entered Level 1 of the Orcish Mines
 22398 | Orc:1    | Noticed Snorg
 22531 | Orc:2    | Entered Level 2 of the Orcish Mines
 22632 | Orc:1    | Reached skill level 6 in Necromancy
 22637 | Orc:1    | Noticed Erica
 22642 | Orc:1    | Killed Snorg
 22642 | Orc:1    | Reached skill level 3 in Dodging
 22655 | Orc:1    | Banished Erica
 23061 | Orc:1    | Found Jasoasulei's Food Emporium.
 23253 | Orc:2    | Found a staircase to the Elven Halls.
 23283 | Orc:1    | Reached XP level 15. HP: 117/126 MP: 21/21
 23688 | Orc:2    | Found Ofen Aqo's Antique Weapon Boutique.
 23752 | Orc:2    | Found Rewnaen's Gadget Shop.
 23771 | Orc:2    | Found a radiant altar of Vehumet.
 23772 | Orc:2    | Noticed Erolcha
 23789 | Orc:2    | Killed Erolcha
 23806 | Orc:2    | Reached skill level 6 in Charms
 23810 | Orc:2    | Found a roughly hewn altar of Beogh.
 23821 | Orc:2    | Found Lurchobum's Magic Scroll Shop.
 23976 | Orc:2    | Found Xosiexoneo's Distillery.
 23987 | Orc:2    | Bought a scroll of enchant armour for 90 gold pieces
 23987 | Orc:2    | Bought a scroll of teleportation for 36 gold pieces
 23987 | Orc:2    | Bought a scroll of identify for 24 gold pieces
 23987 | Orc:2    | Bought a scroll of teleportation for 36 gold pieces
 23987 | Orc:2    | Bought a scroll of magic mapping for 42 gold pieces
 23987 | Orc:2    | Bought a scroll of fog for 24 gold pieces
 23997 | Orc:2    | Bought a potion of curing for 39 gold pieces
 23997 | Orc:2    | Bought a potion of curing for 39 gold pieces
 23997 | Orc:2    | Bought a potion of experience for 650 gold pieces
 23997 | Orc:2    | Bought a potion of agility for 52 gold pieces
 23997 | Orc:2    | Bought a potion of heal wounds for 65 gold pieces
 23997 | Orc:2    | Bought a potion of curing for 39 gold pieces
 23997 | Orc:2    | Bought a potion of curing for 39 gold pieces
 23997 | Orc:2    | Reached XP level 16. HP: 134/134 MP: 22/22
 24013 | Orc:2    | Found an ancient bone altar of Kikubaaqudgha.
 24652 | Spider:1 | Entered Level 1 of the Spider Nest
 24684 | Spider:1 | Reached skill level 4 in Dodging
 25178 | Spider:1 | Reached skill level 1 in Evocations
 25739 | Spider:1 | Reached skill level 2 in Evocations
 26208 | Spider:2 | Reached skill level 7 in Necromancy
 26910 | Spider:1 | Reached skill level 3 in Evocations
 27365 | Spider:2 | Reached skill level 5 in Dodging
 27408 | Spider:1 | Reached skill level 7 in Charms
 27408 | Spider:1 | Reached skill level 10 in Invocations
 28354 | Spider:2 | Reached skill level 4 in Evocations
 28868 | Spider:3 | Reached skill level 8 in Necromancy
 28968 | Spider:3 | Reached skill level 11 in Fighting
 29515 | Spider:3 | Reached skill level 5 in Evocations
 29522 | Spider:3 | Reached XP level 17. HP: 108/144 MP: 24/24
 30040 | Spider:4 | Entered Level 4 of the Spider Nest
 30451 | Spider:3 | Reached skill level 6 in Dodging
 30945 | Spider:4 | Reached skill level 8 in Charms
 31037 | Spider:4 | Reached skill level 11 in Invocations
 31339 | Spider:4 | Reached skill level 6 in Evocations
 31972 | Spider:4 | Reached skill level 12 in Fighting
 31975 | Spider:4 | HP: 25/146 [spark wasp (14)]
 31980 | Spider:4 | HP: 19/146 [poisoned by an emperor scorpion]
 31986 | Spider:4 | HP: 15/146 [poisoned by an emperor scorpion]
 31991 | Spider:4 | HP: 15/146 [poisoned by an emperor scorpion]
 31997 | Spider:4 | HP: 20/146 [poisoned by an emperor scorpion]
 32002 | Spider:3 | HP: 24/146 [poisoned by an emperor scorpion]
 32010 | Spider:3 | HP: 33/146 [poisoned by an emperor scorpion]
 32307 | Spider:4 | Got a gossamer rune of Zot
 32351 | Spider:4 | Reached skill level 7 in Evocations
 32502 | Swamp:1  | Entered Level 1 of the Swamp
 32846 | Swamp:1  | Reached skill level 7 in Dodging
 33232 | Swamp:1  | Reached skill level 12 in Invocations
 33271 | Swamp:2  | Noticed Aizul
 33311 | Swamp:2  | Noticed Kirke
 33321 | Swamp:2  | Banished Kirke
 33458 | Swamp:2  | Banished Aizul
 33479 | Swamp:2  | Reached skill level 8 in Evocations
 33797 | Swamp:2  | Noticed Louise
 33825 | Swamp:2  | Reached XP level 18. HP: 134/156 MP: 27/27
 33840 | Swamp:2  | Killed Louise
 34936 | Swamp:3  | Found a runed door.
 34937 | Swamp:3  | Noticed a tentacled monstrosity
 35321 | Swamp:3  | Killed a tentacled monstrosity
 35321 | Swamp:3  | Reached skill level 8 in Dodging
 35561 | Swamp:4  | Entered Level 4 of the Swamp
 35722 | Swamp:4  | Reached skill level 13 in Fighting
 36134 | Swamp:4  | Reached skill level 13 in Invocations
 36600 | Swamp:4  | Reached skill level 9 in Dodging
 36736 | Swamp:4  | Got a decaying rune of Zot
 37244 | Vaults:1 | Entered Level 1 of the Vaults
 37313 | Vaults:1 | Noticed Nikola
 37333 | Vaults:1 | Killed Nikola
 37720 | Vaults:1 | Identified a scroll of acquirement
 37732 | Vaults:1 | Found Livil's Weapon Shoppe.
 38772 | Vaults:2 | Reached skill level 14 in Fighting
 38845 | Vaults:2 | Noticed Bai Suzhen
 38876 | Vaults:2 | Banished Bai Suzhen
 38921 | Vaults:2 | Reached skill level 10 in Dodging
 39030 | Vaults:2 | Reached skill level 14 in Invocations
 39042 | Vaults:2 | HP: 25/160 [ice dragon/blast of cold (26)]
 39043 | Vaults:2 | Killed from afar by a storm dragon

Vault maps used:
D:1:      dpeg_arrival_arbitrary_b, serial_co_window_serial,
          co_window_of_opportunity_a, co_window_corner_a, co_window_cross_1,
          co_window_paths_a, co_window_paths_a, co_window_paths_a,
          co_window_paths_b, co_window_paths_c, co_window_of_opportunity_b,
          co_window_corner_b, co_window_corner_cb, co_window_broadway_c,
          co_window_of_opportunity_b, co_window_corner_ca, glass_columns_c,
          glass_columns_c, st_stairs_10
D:2:      lemuel_coloured_pillars_altar, kennysheep_vampire_church, uniq_robin,
          uniq_crazy_yiuf_cottage, uniq_terence
D:3:      lemuel_doored_altar, serial_bayou, serial_bayou_crossing,
          serial_bayou_pond_c, serial_bayou_lake_a, serial_bayou_pond_a,
          first_bread, nicolae_dithmenos_through_a_glass_darkly
D:4:      serial_bayou, serial_bayou_lagoon_b, serial_bayou_shore_b,
          serial_bayou_pond_a, serial_bayou_shore_a, uniq_duvessa, uniq_ijyb
D:5:      chequers_temple_overflow_statue_of_worship, gup_sewer_entry_pipe
D:6:      nicolae_qazlal_style_of_elements, uniq_eustachio, uniq_edmund
D:7:      minmay_temple_entry_grid, serial_shops, shop, grunt_livestock,
          kennysheep_generic_room_11
D:8:      hangedman_cross_stitches, okawaru_humans, minmay_lair_entry_lava,
          minmay_holes
D:9:      kennysheep_mini, old_standard_altar, serial_corexii_hall,
          corexii_hall_statues_l, corexii_hall_statues_u, serial_shops,
          nicolae_shop_crystal, shop_statue, shop, uniq_pikel
D:10:     nicolae_ru_awakened_eye, uniq_urug
D:11:     zombieorc1_lemuel, hangedman_decor_diamond_cutter,
          hangedman_decor_peaks_small, lemuel_statue_altar
D:12:     serial_aquarium, aquarium_bridge_long_separate,
          aquarium_window_corridor_3, aquarium_window_1, aquarium_window_1,
          aquarium_window_fake, aquarium_view_2c, aquarium_view_2e,
          aquarium_pool_1, minmay_pinched_square, uniq_nergalle, uniq_maurice
D:13:     david_vaults_4, serial_co_window_serial, co_window_corner_a,
          co_window_paths_a, co_window_paths_b, co_window_of_opportunity_a,
          co_window_paths_a, co_window_unsneaky_path_e, co_window_cross_2,
          co_window_broadway_a, co_window_cross_2, co_window_paths_e,
          glass_columns_a, glass_columns_b, glass_columns_a, glass_columns_a,
          glass_columns_a, uniq_josephine
D:14:     tso_altar, minmay_strange_pillars, lightli_fourway_metalbox,
          uniq_agnes, uniq_frances
D:15:     grunt_enter_depths_magical_seal, hangedman_decor_riveting
Lair:1:   minmay_lair_oklob_items, grunt_megastairs_4
Lair:2:   lab_entry_generic, minmay_lair_oklob_chamber, serial_bayou_shore_b
Lair:3:   grunt_megastairs_1
Lair:4:   minmay_swamp_entry_wisps, spider_nest_entry_webs
Lair:5:   nicolae_slime_entry_slimehenge
Swamp:1:  evilmike_swamp_ruin_house_1, infiniplex_staircase_pool
Swamp:2:  cheibrodos_swamp_tower_of_moss,
          nicolae_swamp_feature_on_the_river_bank, uniq_louise, uniq_kirke,
          uniq_aizul
Swamp:3:  cheibrodos_swamp_sealed, evilmike_swamp_ruin_rubble_1
Swamp:4:  swamp_basic_johnstein
Spider:2: guppyfry_hornet_nest
Spider:4: spider_rune_water
Orc:1:    serial_shops, shop, uniq_snorg, uniq_erica
Orc:2:    kennysheep_orc_mage_school
Vaults:1: vaults_room_stairs_pillars, vaults_dpeg_ring,
          nicolae_vaults_little_squares_4, vaults_dpeg_encased_lava,
          serial_shops, shop, uniq_nikola
Vaults:2: hangedman_vaults_unwind, v_alt_pattern_5,
          nicolae_vaults_network_square, vaults_mumra_minichess,
          hangedman_vaults_maws, vaults_room_stairs_pillars,
          nicolae_vaults_know_your_exits, nicolae_vaults_ring_of_whatevers,
          v_misc_3, serial_shops, shop, uniq_bai_suzhen
Lab:      labyrinth_mini_lab, nicolae_lab_arrow, nicolae_lab_flowing_pool,
          nicolae_lab_x, nicolae_lab_statue, labyrinth_fake_exit,
          labyrinth_skeletal_remains, nicolae_lab_swirl, nicolae_lab_lava
Sewer:    kennysheep_door_sewer

Skill      XL: |  1  2  3  4  5  6  7  8  9 10 11 12 13 14 15 16 17 18 |
---------------+-------------------------------------------------------+-----
Fighting       | 1 2 4 5 6 8 9 10 11 12 14 | 14.2
Conjurations   | 2 3 |  3.0
Maces & Flails | 2 4 6 7 |  7.2
Axes           | 4 8 10 12 15 18 19 | 19.9
Invocations    | 6 9 10 12 14 | 14.0
Charms         | 2 5 6 7 8 |  8.0
Necromancy     | 2 6 8 |  8.8
Dodging        | 3 5 7 10 | 10.1
Evocations     | 5 8 |  8.7
Stealth        | |  1.7
Spellcasting   | |  2.0
Air Magic      | |  3.2

Action                   |  1- 3 |  4- 6 |  7- 9 | 10-12 | 13-15 | 16-18 || total
-------------------------+-------+-------+-------+-------+-------+-------++-------
Melee: Dagger            |    20 |       |       |       |       |       ||    20
       Unarmed           |     5 |       |       |       |       |       ||     5
       Tailslap          |     3 |    12 |    31 |    65 |    94 |   244 ||   449
       Mace              |    18 |   121 |   113 |       |       |       ||   252
       War axe           |       |       |    94 |       |       |       ||    94
       Battleaxe         |       |       |    70 |   426 |   712 |  1444 ||  2652
 Cast: Shock             |    46 |   113 |    80 |     4 |       |    10 ||   253
       Swiftness         |       |       |       |     1 |       |       ||     1
       Regeneration      |       |       |       |       |     6 |   145 ||   151
       Static Discharge  |       |       |       |       |       |     5 ||     5
Invok: Upheaval          |       |       |       |     1 |     5 |    12 ||    18
       Elemental Force   |       |       |       |       |     4 |     5 ||     9
       Disaster Area     |       |       |       |       |     4 |     5 ||     9
 Abil: Breathe Steam     |       |       |     4 |    19 |    22 |    52 ||    97
       Evoke Berserk Rag |       |       |       |     1 |       |       ||     1
       Evoke Invisibilit |       |       |       |       |     1 |     2 ||     3
Evoke: Wand              |       |       |       |     2 |     2 |     2 ||     6
       Lamp of fire      |       |       |       |       |     1 |       ||     1
       Sack of spiders   |       |       |       |       |       |     1 ||     1
  Use: Scroll            |       |     1 |     3 |    26 |     6 |    12 ||    48
       Potion            |       |       |     2 |     4 |     1 |     1 ||     8
 Stab: Sleeping          |       |     4 |     2 |       |       |       ||     6
       Distracted        |       |       |       |       |     1 |     1 ||     2
       Invisible         |       |       |       |       |       |     3 ||     3
  Eat: Fruit             |     1 |       |       |       |       |     6 ||     7
       Chunk             |       |    12 |    14 |    28 |    25 |    38 ||   117
       Royal jelly       |       |     2 |       |     3 |     1 |     9 ||    15
       Meat ration       |       |       |       |       |       |     4 ||     4
Armor: Skin              |    21 |    50 |    60 |    84 |   112 |   332 ||   659
Dodge: Dodged            |    41 |   195 |   301 |   299 |   346 |  1295 ||  2477
       Deflected         |       |       |       |       |    14 |     9 ||    23
Block: Other             |       |       |     3 |    53 |   237 |   916 ||  1209
       Reflection        |       |       |       |       |    15 |    16 ||    31

Vault maps used:
D:1:      dpeg_arrival_arbitrary_b, serial_co_window_serial,
          co_window_of_opportunity_a, co_window_corner_a, co_window_cross_1,
          co_window_paths_a, co_window_paths_a, co_window_paths_a,
          co_window_paths_b, co_window_paths_c, co_window_of_opportunity_b,
          co_window_corner_b, co_window_corner_cb, co_window_broadway_c,
          co_window_of_opportunity_b, co_window_corner_ca, glass_columns_c,
          glass_columns_c, st_stairs_10
D:2:      lemuel_coloured_pillars_altar, kennysheep_vampire_church, uniq_robin,
          uniq_crazy_yiuf_cottage, uniq_terence
D:3:      lemuel_doored_altar, serial_bayou, serial_bayou_crossing,
          serial_bayou_pond_c, serial_bayou_lake_a, serial_bayou_pond_a,
          first_bread, nicolae_dithmenos_through_a_glass_darkly
D:4:      serial_bayou, serial_bayou_lagoon_b, serial_bayou_shore_b,
          serial_bayou_pond_a, serial_bayou_shore_a, uniq_duvessa, uniq_ijyb
D:5:      chequers_temple_overflow_statue_of_worship, gup_sewer_entry_pipe
D:6:      nicolae_qazlal_style_of_elements, uniq_eustachio, uniq_edmund
D:7:      minmay_temple_entry_grid, serial_shops, shop, grunt_livestock,
          kennysheep_generic_room_11
D:8:      hangedman_cross_stitches, okawaru_humans, minmay_lair_entry_lava,
          minmay_holes
D:9:      kennysheep_mini, old_standard_altar, serial_corexii_hall,
          corexii_hall_statues_l, corexii_hall_statues_u, serial_shops,
          nicolae_shop_crystal, shop_statue, shop, uniq_pikel
D:10:     nicolae_ru_awakened_eye, uniq_urug
D:11:     zombieorc1_lemuel, hangedman_decor_diamond_cutter,
          hangedman_decor_peaks_small, lemuel_statue_altar
D:12:     serial_aquarium, aquarium_bridge_long_separate,
          aquarium_window_corridor_3, aquarium_window_1, aquarium_window_1,
          aquarium_window_fake, aquarium_view_2c, aquarium_view_2e,
          aquarium_pool_1, minmay_pinched_square, uniq_nergalle, uniq_maurice
D:13:     david_vaults_4, serial_co_window_serial, co_window_corner_a,
          co_window_paths_a, co_window_paths_b, co_window_of_opportunity_a,
          co_window_paths_a, co_window_unsneaky_path_e, co_window_cross_2,
          co_window_broadway_a, co_window_cross_2, co_window_paths_e,
          glass_columns_a, glass_columns_b, glass_columns_a, glass_columns_a,
          glass_columns_a, uniq_josephine
D:14:     tso_altar, minmay_strange_pillars, lightli_fourway_metalbox,
          uniq_agnes, uniq_frances
D:15:     grunt_enter_depths_magical_seal, hangedman_decor_riveting
Lair:1:   minmay_lair_oklob_items, grunt_megastairs_4
Lair:2:   lab_entry_generic, minmay_lair_oklob_chamber, serial_bayou_shore_b
Lair:3:   grunt_megastairs_1
Lair:4:   minmay_swamp_entry_wisps, spider_nest_entry_webs
Lair:5:   nicolae_slime_entry_slimehenge
Swamp:1:  evilmike_swamp_ruin_house_1, infiniplex_staircase_pool
Swamp:2:  cheibrodos_swamp_tower_of_moss,
          nicolae_swamp_feature_on_the_river_bank, uniq_louise, uniq_kirke,
          uniq_aizul
Swamp:3:  cheibrodos_swamp_sealed, evilmike_swamp_ruin_rubble_1
Swamp:4:  swamp_basic_johnstein
Spider:2: guppyfry_hornet_nest
Spider:4: spider_rune_water
Orc:1:    serial_shops, shop, uniq_snorg, uniq_erica
Orc:2:    kennysheep_orc_mage_school
Vaults:1: vaults_room_stairs_pillars, vaults_dpeg_ring,
          nicolae_vaults_little_squares_4, vaults_dpeg_encased_lava,
          serial_shops, shop, uniq_nikola
Vaults:2: hangedman_vaults_unwind, v_alt_pattern_5,
          nicolae_vaults_network_square, vaults_mumra_minichess,
          hangedman_vaults_maws, vaults_room_stairs_pillars,
          nicolae_vaults_know_your_exits, nicolae_vaults_ring_of_whatevers,
          v_misc_3, serial_shops, shop, uniq_bai_suzhen
Lab:      labyrinth_mini_lab, nicolae_lab_arrow, nicolae_lab_flowing_pool,
          nicolae_lab_x, nicolae_lab_statue, labyrinth_fake_exit,
          labyrinth_skeletal_remains, nicolae_lab_swirl, nicolae_lab_lava
Sewer:    kennysheep_door_sewer

Table legend:
 A = Turns spent in this place as a percentage of turns spent in the entire game.
 B = Non-inter-level travel turns spent in this place as a percentage of non-inter-level travel turns spent in the entire game.
 C = Inter-level travel turns spent in this place as a percentage of turns spent in this place.
 D = Turns resting spent in this place as a percentage of non-inter-level travel turns spent in this place.
 E = Turns spent auto-exploring this place as a percentage of non-inter-level travel turns spent in this place.
 F = Non-inter-level travel turns spent in this place divided by the number of levels of this place that you've seen.
                   A       B       C       D       E      F
               +-------+-------+-------+-------+-------+----------------------
         Total | 100.0 | 100.0 |   0.5 |   4.1 |   7.2 | 375.5
       Dungeon |  40.0 |  39.9 |   0.8 |   2.6 |   8.7 | 339.9
          Lair |  10.6 |  10.6 |   0.6 |   3.1 |   7.9 | 271.2
         Swamp |  15.8 |  15.8 |   0.3 |   3.3 |   5.6 | 505.8
   Spider Nest |  21.0 |  21.1 |   0.2 |   9.2 |   4.0 | 672.8
  Orcish Mines |   5.0 |   5.0 |   0.9 |   2.4 |  12.8 | 317.5
        Vaults |   5.0 |   5.0 |   0.2 |   3.0 |   7.8 | 318.5
     Labyrinth |   2.1 |   2.1 |   0.0 |   0.7 |   0.0 | 270.0
         Sewer |   0.4 |   0.4 |   0.0 |   3.5 |  24.6 |  57.0
               +-------+-------+-------+-------+-------+----------------------

Table legend:
 A = Kills in this place as a percentage of kills in entire the game.
 B = Kills by you in this place as a percentage of kills by you in the entire game.
 C = Kills by friends in this place as a percentage of kills by friends in the entire game.
 D = Other kills in this place as a percentage of other kills in the entire game.
 E = Experience gained in this place as a percentage of experience gained in the entire game.
 F = Experience gained in this place divided by the number of levels of this place that you have seen.
                   A       B       C       D       E      F
               +-------+-------+-------+-------+-------+----------------------
         Total | 100.0 | 100.0 | 100.0 | 100.0 | 100.0 | 9336.9
       Dungeon |  41.4 |  44.4 |  20.0 |   9.9 |  22.3 | 4715.7
          Lair |   8.5 |   8.8 |   0.0 |   6.6 |   7.6 | 4845.0
         Swamp |  13.9 |  12.2 |  33.3 |  30.8 |  21.8 | 17337.5
   Spider Nest |  20.5 |  19.9 |   0.0 |  30.8 |  30.9 | 24525.2
  Orcish Mines |   9.8 |   8.9 |  46.7 |  13.2 |   5.6 | 8925.0
        Vaults |   5.3 |   5.0 |   0.0 |   8.8 |  11.6 | 18340.5
     Labyrinth |   0.2 |   0.2 |   0.0 |   0.0 |   0.1 | 375.0
         Sewer |   0.5 |   0.6 |   0.0 |   0.0 |   0.0 | 139.0
               +-------+-------+-------+-------+-------+----------------------
